 Dungeon Crawl Stone Soup version 0.23.0 (webtiles) character file.

Game seed: 12171800246640709394

370177 robertstho the Executioner (level 21, -11/183 HPs)
             Began as a Minotaur Berserker on Feb 10, 2019.
             Was the Champion of Trog.
             Mangled by a reaper
             ... wielding a +1 scythe of slicing
             ... summoned by a lich
              (32 damage)
             ... on level 2 of the Depths on Feb 11, 2019.
             The game lasted 02:41:43 (38504 turns).

robertstho the Executioner (Minotaur Berserker)    Turns: 38504, Time: 02:41:44

Health: -11/183    AC: 29    Str: 33    XL:     21   Next: 67%
Magic:  20/20      EV: 19    Int:  4    God:    Trog [******]
Gold:   4383       SH: 30    Dex: 13    Spells: 20/20 levels left

rFire    . . .     SeeInvis .   R - +9 broad axe of Trog's Approval {freeze, +Blink MR++}
rCold    . . .     Gourm    .   W - +2 large shield
rNeg     . . .     Faith    .   u - +3 chain mail of Moral Flaws {rPois Str+4 Slay+6 Stlth-}
rPois    +         Spirit   .   (helmet unavailable)
rElec    .         Reflect  +   L - +2 cloak {rPois}
rCorr    .         Harm     .   C - +1 pair of gloves
MR       +++++                  b - +2 pair of boots
Stlth    ..........             G - +3 amulet of reflection
HPRegen  1.40/turn              h - +3 ring of evasion
MPRegen  0.17/turn              U - +3 ring of protection

@: berserk cooldown, very slightly contaminated, regenerating, lightly drained
A: retaliatory headbutt, horns 3, frail 1, poison resistance
}: 2/15 runes: decaying, serpentine
a: Berserk, Trog's Hand, Brothers in Arms, Renounce Religion, Evoke Blink


You were on level 2 of the Depths.
You worshipped Trog.
Trog was exalted by your worship.
You were near starving.

You visited 7 branches of the dungeon, and saw 37 of its levels.
You visited the Abyss 2 times.
You visited 1 bazaar.
You also visited: Bailey, Gauntlet and Ice Cave.

You collected 4743 gold pieces.
You spent 360 gold pieces at shops.

Inventory:

Hand Weapons
 a - the +4 battleaxe "Taesafag" {protect, Int+3 Dex+5}
   (You found it on level 6 of the Lair of Beasts)

   It protects the one who uses it against injury (+AC on strike).
   It affects your intelligence (+3).
   It affects your dexterity (+5).
 d - the +5 great sword "Vegaufa" {freeze, rF++ Dex+3}
   (You found it in a Gauntlet)

   It has been specially enchanted to freeze those struck by it, causing extra
   injury to most foes and up to half again as much damage against particularly
   susceptible opponents.
   It can also slow down cold-blooded creatures.
   It affects your dexterity (+3).
   It greatly protects you from fire.
 K - a +8 antimagic battleaxe
 R - the +9 broad axe of Trog's Approval (weapon) {freeze, +Blink MR++}
   (Trog gifted it to you on level 1 of the Vaults)

   It has been specially enchanted to freeze those struck by it, causing extra
   injury to most foes and up to half again as much damage against particularly
   susceptible opponents.
   It can also slow down cold-blooded creatures.
   It affects your resistance to hostile enchantments.
   It lets you blink.
Missiles
 E - 37 tomahawks of returning (quivered)
Armour
 b - a +2 pair of boots (worn)
 q - a +3 plate armour of fire resistance
 u - the +3 chain mail of Moral Flaws (worn) {rPois Str+4 Slay+6 Stlth-}
   (You found it on level 4 of the Dungeon)

   It affects your strength (+4).
   It affects your accuracy and damage with ranged weapons and melee attacks
   (+6).
   It protects you from poison.
   It makes you less stealthy.
 C - a +1 pair of gloves (worn)
 J - a +1 plate armour of magic resistance
 L - a +2 cloak of poison resistance (worn)
 W - a +2 large shield (worn)
 Z - a +2 plate armour of cold resistance
Jewellery
 h - a +3 ring of evasion (left hand)
 o - the ring "Gopniemi" {+Fly rPois rF- Str+2}
   (You acquired it on level 3 of the Swamp)

   [ring of flight]

   It affects your strength (+2).
   It makes you vulnerable to fire.
   It protects you from poison.
   It lets you fly.
 y - an uncursed ring of ice
 B - an uncursed ring of resist corrosion
 G - a +3 amulet of reflection (around neck)
 M - an uncursed ring of positive energy
 O - an uncursed ring of ice
 U - a +3 ring of protection (right hand)
 Y - an uncursed amulet of magic regeneration {unknown}
Wands
 r - a wand of iceblast (10)
 z - a wand of acid (8)
 F - a wand of disintegration (27)
 H - a wand of scattershot (6)
 P - a wand of digging (10)
Scrolls
 l - 12 scrolls of teleportation
 m - 8 scrolls of fog
 t - 16 scrolls of remove curse
 v - 9 scrolls of magic mapping
 D - 2 scrolls of silence
 I - 3 scrolls of immolation
 N - 7 scrolls of fear
 S - 2 scrolls of summoning
 T - a scroll of brand weapon {unknown}
 V - 2 scrolls of holy word
 X - a scroll of blinking
Potions
 e - 14 potions of curing
 f - a potion of heal wounds
 g - 2 potions of invisibility
 i - 3 potions of might
 j - 2 potions of cancellation
 k - 4 potions of resistance
 n - 9 potions of haste
 p - 5 potions of mutation
 w - 6 potions of agility
 A - a potion of ambrosia
Miscellaneous
 Q - a lightning rod (3/4)
Comestibles
 c - 68 rations
 s - 2 chunks of flesh


   Skills:
 + Level 21.3(20.7) Fighting
 + Level 24.0(23.4) Axes
 + Level 16.6(16.0) Armour
 * Level 14.8(14.2) Dodging
 - Level 2.6(2.2) Stealth
 + Level 21.4(20.8) Shields


You had 20 spell levels left.
You didn't know any spells.
Your spell library was empty.

Dungeon Overview and Level Annotations

Branches:
Dungeon (15/15)            Temple (0/1) D:7            Lair (6/6) D:11
  Swamp (4/4) Lair:3        Snake (4/4) Lair:3        Slime (0/5) Lair:5
    Orc (2/2) D:11            Elf (0/3) Orc:2        Vaults (4/5) D:14
  Crypt (0/3) Vaults:2     Depths (2/5) D:15

Altars:
Cheibriados
Elyvilon
Kikubaaqudgha
Okawaru
Sif Muna
Trog
Uskayaw
Vehumet
Wu Jian
Xom
The Shining One
Jiyva

Shops:
D:4 *   D:7 !}   D:15 :   Orc:2 :[[(   Snake:2 }}=   Vaults:3 [[

Portals:
Hell: Depths:1 Depths:2
Pandemonium: Depths:1
Trove: D:12 (give 13 potions of heal wounds)

Annotations:
Lair:2 1 runed translucent door, Wuvuatt's ghost, journeyman MiBe
Orc:1 1 runed translucent door, GoshHeckie's ghost, journeyman MiFi


Innate Abilities, Weirdness & Mutations

You reflexively headbutt those who attack you in melee.
You have a pair of large horns on your head.
You are frail. (-10% HP)
Your system is resistant to poisons. (rPois)


Message History

You destroy the frost giant zombie!
Trog accepts your kill.
There is an open door here.
You see here a steel ring.
You close the door.
A reaper opens the door.
A slime creature comes into view.
Evoke which item? (* to show all) (? for menu, Esc to quit)
Okay, then.
Evoke which item? (* to show all) (? for menu, Esc to quit)
Aiming: Thunderbolt
Press: ? - help, Shift-Dir - straight line, f - reaper
Aim: a reaper, wielding a +1 scythe of slicing (summoned)
The thunderbolt hits the slime creature.
The slime creature is heavily wounded.
The thunderbolt hits the balrug!
The balrug is severely wounded.
The thunderbolt hits the reaper.
The reaper is lightly wounded.
The reaper hits you from afar with a +1 scythe of slicing!!
You die...

≈≈E**,,,##≈≈#* *,* ≈.≈J##+##≈≈###
*,* ≈..C)≈.≈≈≈...#**** *****
≈...≈.§.≈....+* *,,,*
≈...)...>...E## ***+*****
≈...........2.###***** *,,,,,*,,
.........>......#*,,,* *,,,,,*,,
##...........E######+###*,,8,,*,,
#..........J22'@.......+,,,,,+,,
#............######+###*,,8,,*,,
#..............#*,,,* *,,,,,*,,
#...........####***** *,,,,,*,,
#.........).# ***+*****
*.........[.# *,,,*
*,..[.......####### *****####
*,..........'.....# #.#.
*,..........#####.# #.#.


You could see a reaper, a balrug, a slime creature and a water elemental.

Vanquished Creatures
  An ancient lich (Abyss:2)
  the Lernaean hydra (Swamp:4)
  The ghost of rgbqcd the Executioner, a veteran MiBe of Trog (Vaults:1)
  A lich (Abyss:2)
  Rupert (Orc:2)
  Jorgrun (Swamp:3)
  A tentacled monstrosity (Vaults:3)
  Asterion (Snake:2)
  A quicksilver dragon (Depths:2)
  Kirke (Swamp:3)
  2 thorn hunters
  2 sphinxes
  10 nagarajas
  5 vault wardens
  A frost giant (D:13)
  2 deep elf sorcerers (Vaults:3)
  2 orc warlords (Vaults:4)
  3 fire giants
  A caustic shrike zombie (Depths:2)
  3 very ugly things
  A curse skull (Vaults:2)
  11 ironheart preservers
  A ghoul (Vaults:4)
  A war gargoyle (Vaults:3)
  10 stone giants
  An entropy weaver (Vaults:3)
  2 deep elf demonologists
  A deep elf annihilator (Vaults:4)
  Azrael (Snake:3)
  A minotaur (Gauntlet)
  4 ettins
  4 spark wasps (Depths:1)
  Josephine (Lair:6)
  3 deep elf death magi
  3 jiangshi (Depths:2)
  A merfolk impaler (Depths:1)
  6 fire dragons
  13 ogre magi
  7 great orbs of eyes
  6 yaktaur captains
  5 vault guards
  3 ice dragons
  Harold (D:7)
  4 rakshasas
  A hell beast (Depths:1)
  22 hydras
  Fannar (Orc:1)
  9 naga warriors
  A spriggan air mage (Depths:1)
  15 anacondas
  43 two-headed ogres
  13 alligators
  9 centaur warriors
  5 death knights
  A dancing weapon (Vaults:1)
  4 deep troll shamans
  3 death yaks (D:11)
  2 deep troll earth magi
  2 tengu warriors
  A queen ant (Gauntlet)
  2 vampire magi
  2 thrashing horrors (Abyss:2)
  A hell hog (Gauntlet)
  24 naga sharpshooters
  An orc high priest (Orc:2)
  16 shock serpents
  Urug (D:11)
  A soul eater (Abyss:2)
  7 hell knights
  7 salamander mystics
  4 deep elf knights
  A shadow wraith (Vaults:4)
  2 skeletal warriors (Vaults:2)
  8 deep trolls
  An entropy weaver zombie (Vaults:1)
  A fire crab (Lair:6)
  A death drake (shapeshifter) (Vaults:4)
  A glowing orange brain (Depths:2)
  3 unseen horrors
  4 naga ritualists
  7 swamp dragons
  2 deep elf archers
  9 wizards
  A death drake (Abyss:2)
  6 lindwurms
  9 ironbrand convokers
  7 necromancers
  3 phantasmal warriors
  5 deep elf magi
  11 orc knights
  A fire giant zombie (Depths:2)
  A wolf spider (Vaults:1)
  6 cyclopes
  9 mana vipers
  A frost giant zombie (Depths:2)
  3 manticores
  16 ugly things
  12 salamanders
  An orc sorcerer (Orc:2)
  A salamander (shapeshifter) (Vaults:3)
  A faun (shapeshifter) (Vaults:2)
  A fire giant skeleton (Depths:2)
  14 elephants
  16 naga magi
  40 black mambas
  5 ice statues (IceCv)
  8 guardian serpents
  5 torpor snails (Lair:6)
  6 centaur skeletons
  A rust devil (Depths:1)
  2 gargoyles (D:12)
  A smoke demon (Abyss:2)
  19 vault sentinels
  7 spiny frogs
  3 large abominations (Abyss:2)
  2 komodo dragons (shapeshifter)
  7 freezing wraiths
  2 rime drakes
  An elf skeleton (Depths:1)
  An anaconda simulacrum (IceCv)
  5 komodo dragons
  A redback zombie (D:14)
  A golden dragon simulacrum (IceCv)
  A red devil (Depths:1)
  A jumping spider (shapeshifter) (Depths:2)
  2 tengu conjurers
  26 yaktaurs
  16 trolls
  A polar bear (Lair:6)
  2 polar bears (shapeshifter)
  12 tyrant leeches
  25 hornets
  A wind drake (shapeshifter) (Vaults:4)
  A harpy skeleton (D:15)
  7 hippogriffs
  A human simulacrum (Vaults:1)
  5 raiju (Abyss:2)
  7 blink frogs
  A meliai zombie (D:13)
  A stone giant simulacrum (Depths:2)
  33 slime creatures
  10 bog bodies
  A centaur simulacrum (D:15)
  A hippogriff (shapeshifter) (Vaults:1)
  A fire giant simulacrum (Vaults:2)
  A shadow (D:13)
  8 spriggans
  4 wyverns
  10 starcursed masses (Abyss:2)
  39 yaks
  2 dire elephant simulacra (IceCv)
  A human (D:9)
  6 wraiths
  A fire elemental (Snake:3)
  5 basilisks
  2 fire bats (Gauntlet)
  4 water elementals (Depths:1)
  Grum (Lair:1)
  2 hogs (Swamp:3)
  A neqoxec (Abyss:2)
  A yaktaur simulacrum (Vaults:2)
  20 vampire mosquitoes
  A steam dragon (Lair:6)
  4 hungry ghosts
  4 wargs
  Menkaure (D:5)
  7 soldier ants
  A soldier ant (shapeshifter) (Depths:1)
  17 swamp worms
  19 insubstantial wisps
  42 nagas
  9 acid dragons
  3 hydra simulacra (IceCv)
  4 porcupines
  2 water moccasins (shapeshifter)
  22 water moccasins
  Duvessa (D:7)
  A floating eye (Depths:1)
  A meliai simulacrum (Gauntlet)
  14 swamp drakes
  9 hell hounds
  32 orc warriors
  8 ice beasts
  3 sky beasts
  2 black bears
  2 eyes of draining
  36 ogres
  3 boggarts (Vaults:3)
  4 phantoms
  17 wolves
  4 necrophages
  15 crocodiles
  2 small abominations (Abyss:2)
  24 centaurs
  A crocodile (shapeshifter) (D:15)
  3 big kobolds
  A wyvern zombie (D:14)
  A human skeleton (Vaults:1)
  13 bullfrogs
  Dowan (D:7)
  4 scorpions
  2 wyvern skeletons
  30 killer bees
  12 wights
  4 howler monkeys
  An electric eel (Lair:6)
  7 crimson imps
  A lava snake (D:8)
  6 centaur zombies
  7 bullfrog skeletons
  17 orc priests
  7 hounds
  A wyvern simulacrum (Gauntlet)
  7 jellies
  3 iguanas
  24 orc wizards
  10 worker ants
  7 hell rats
  A statue (D:5)
  A bullfrog simulacrum (Gauntlet)
  A hound zombie (D:10)
  3 hound skeletons
  2 mummies (Depths:2)
  A howler monkey skeleton (D:4)
  A worker ant zombie (D:7)
  A gnoll (Bailey)
  20 adders
  5 river rats (Lair:1)
  2 shadow imps
  3 oozes
  2 adder zombies
  2 worms (D:3)
  4 dart slugs
  8 leopard geckos
  106 orcs
  6 giant cockroaches
  6 goblins
  12 hobgoblins
  8 jackals
  24 kobolds
  A quokka (D:8)
  2 ball pythons
  4 bats
  6 frilled lizards
  2 leopard gecko skeletons (D:4)
  2 quokka skeletons
  18 rats
  12 briar patches (Swamp:3)
  3 fungi
  4 plants
1633 creatures vanquished.

Vanquished Creatures (collateral kills)
  A frost giant (Vaults:3)
  An entropy weaver (Vaults:3)
  A merfolk impaler (Depths:2)
  An ettin (Depths:2)
  An anaconda (Snake:3)
  2 ogre magi (Vaults:3)
  2 centaur warriors (Vaults:3)
  2 death yaks (D:11)
  3 orc high priests (Orc:2)
  A shadow wraith (Vaults:3)
  A necromancer (D:15)
  2 orc sorcerers (Orc:2)
  3 orc knights (Orc:2)
  2 vault sentinels (Vaults:3)
  A black mamba (Snake:3)
  4 naga magi
  A golden dragon simulacrum (IceCv)
  A tyrant leech (Swamp:4)
  A vampire mosquito (D:15)
  A swamp worm (Swamp:4)
  An iron troll simulacrum (IceCv)
  A naga (Snake:3)
  5 orc warriors
  2 ice beasts (IceCv)
  6 starcursed masses (Abyss:2)
  2 orc priests (Orc:2)
  2 orc wizards (Orc:2)
  2 gnolls (Bailey)
  An ufetubus (Abyss:2)
  An orc (Bailey)
  A hobgoblin (shapeshifter) (Vaults:3)
  A hobgoblin (Bailey)
57 creatures vanquished.

Vanquished Creatures (others)
  A stone giant (Depths:2)
  3 yaktaur captains
  2 centaur warriors
  A cyclops (Vaults:1)
  10 yaktaurs
  2 humans (Swamp:3)
  A naga (Snake:3)
  4 centaurs (Depths:1)
  A lurking horror (Abyss:2)
  12 plants (Lair:6)
  2 withered plants (Gauntlet)
39 creatures vanquished.

Grand Total: 1729 creatures vanquished

Notes
Turn   | Place    | Note
-------+----------+-------------------------------------------
     0 | D:1      | robertstho the Minotaur Berserker began the quest for the
                  | Orb.
     0 | D:1      | Reached XP level 1. HP: 19/19 MP: 0/0
   186 | D:1      | Reached skill level 4 in Axes
   186 | D:1      | Reached XP level 2. HP: 27/27 MP: 1/1
   479 | D:1      | Reached XP level 3. HP: 31/33 MP: 2/2
   893 | D:2      | Found a faded altar of an unknown god.
  1007 | D:2      | Reached ** piety under Trog
  1011 | D:2      | Reached XP level 4. HP: 41/41 MP: 3/3
  1417 | D:3      | Reached skill level 5 in Axes
  1711 | D:3      | Reached XP level 5. HP: 47/47 MP: 4/4
  1718 | D:3      | Reached *** piety under Trog
  1797 | D:3      | Reached skill level 6 in Axes
  2320 | D:4      | Reached XP level 6. HP: 53/53 MP: 1/5
  2606 | D:4      | Got an amethyst-encrusted chain mail
  2683 | D:4      | Found Piere's Assorted Antiques.
  2688 | D:4      | Bought a potion of curing for 72 gold pieces
  2688 | D:4      | Bought a scroll of identify for 48 gold pieces
  2688 | D:4      | Bought a scroll of identify for 48 gold pieces
  2829 | D:5      | Entered Level 5 of the Dungeon
  2886 | D:5      | Found a radiant altar of Vehumet.
  3011 | D:5      | Reached skill level 7 in Axes
  3062 | D:5      | Reached skill level 5 in Fighting
  3062 | D:5      | Reached XP level 7. HP: 53/61 MP: 2/6
  3173 | D:5      | Found a deep blue altar of Sif Muna.
  3213 | D:5      | Noticed Menkaure
  3221 | D:5      | Killed Menkaure
  3221 | D:5      | Reached skill level 8 in Axes
  3221 | D:5      | Reached skill level 5 in Armour
  3591 | D:5      | Noticed a moth of wrath
  3594 | D:5      | Found a bloodstained altar of Trog.
  3599 | D:5      | Reached **** piety under Trog
  3770 | D:6      | Reached XP level 8. HP: 69/69 MP: 7/7
  3771 | D:6      | Reached skill level 9 in Axes
  3835 | D:6      | Identified the +3 chain mail of Moral Flaws {rPois Str+4
                  | Slay+6 Stlth-} (You found it on level 4 of the Dungeon)
  3860 | D:6      | Found a white marble altar of Elyvilon.
  4547 | D:7      | Found Hocumep's Gadget Shoppe.
  4602 | D:7      | Found a staircase to the Ecumenical Temple.
  4630 | D:7      | Reached skill level 10 in Axes
  4778 | D:7      | Reached skill level 1 in Shields
  4796 | D:7      | Found Bygod's Distillery.
  4799 | D:7      | Bought a potion of heal wounds for 60 gold pieces
  4799 | D:7      | Bought a potion of invisibility for 96 gold pieces
  4799 | D:7      | Bought a potion of curing for 36 gold pieces
  4802 | D:7      | Found an ancient bone altar of Kikubaaqudgha.
  4833 | D:7      | Got a slimy chain mail
  4844 | D:7      | Identified the +3 chain mail of the Shoals {rPois} (You
                  | found it on level 7 of the Dungeon)
  4887 | D:7      | Noticed Harold
  4898 | D:7      | Killed Harold
  4898 | D:7      | Reached skill level 11 in Axes
  4898 | D:7      | Reached skill level 1 in Stealth
  4898 | D:7      | Reached XP level 9. HP: 70/78 MP: 8/8
  4906 | D:7      | Noticed Dowan
  4907 | D:7      | Noticed Duvessa
  4911 | D:7      | Killed Duvessa
  4912 | D:7      | Killed Dowan
  5016 | D:7      | Reached skill level 12 in Axes
  5203 | D:7      | Reached ***** piety under Trog
  5524 | D:8      | Received a gift from Trog
  6227 | D:8      | Found a hide-covered altar of Uskayaw.
  6273 | D:9      | Reached XP level 10. HP: 86/86 MP: 3/9
  6277 | D:9      | Reached skill level 5 in Shields
  6410 | D:9      | Reached skill level 13 in Axes
  6652 | D:9      | Found an ornate altar of the Wu Jian Council.
  6786 | D:10     | Entered Level 10 of the Dungeon
  6829 | D:10     | Found a flagged portal.
  6843 | Bailey   | Entered a bailey
  6863 | Bailey   | Noticed an orc knight
  6871 | Bailey   | Killed an orc knight
  7165 | D:10     | Killed an unseen horror
  7404 | D:10     | Reached XP level 11. HP: 77/95 MP: 3/10
  7539 | D:10     | Killed an unseen horror
  7735 | D:11     | Found a staircase to the Orcish Mines.
  7744 | D:11     | Noticed Urug
  7755 | D:11     | Killed Urug
  7755 | D:11     | Reached skill level 14 in Axes
  7964 | D:11     | Received a gift from Trog
  7977 | D:11     | Noticed a two-headed ogre
  7984 | D:11     | Noticed a white ugly thing
  7985 | D:11     | Killed a two-headed ogre
  7995 | D:11     | Killed a white ugly thing
  7995 | D:11     | Received a gift from Trog
  8242 | D:11     | Reached skill level 15 in Axes
  8379 | D:11     | Noticed a death yak
  8398 | D:11     | Reached skill level 10 in Shields
  8405 | D:11     | Noticed a death yak
  8406 | D:11     | Killed a death yak
  8407 | D:11     | Noticed a death yak
  8409 | D:11     | Noticed a death yak
  8414 | D:11     | Noticed a death yak
  8416 | D:11     | Killed a death yak
  8416 | D:11     | Reached XP level 12. HP: 63/105 MP: 11/11
  8416 | D:11     | Killed a death yak
  8418 | D:11     | Killed a death yak
  8422 | D:11     | Killed a death yak
  8422 | D:11     | Reached skill level 10 in Armour
  8481 | D:11     | Found a staircase to the Lair.
  8736 | D:12     | Reached skill level 10 in Fighting
  8738 | D:12     | Reached skill level 5 in Dodging
  8872 | D:12     | Reached skill level 16 in Axes
  9172 | D:12     | Noticed a two-headed ogre
  9177 | D:12     | Killed a two-headed ogre
  9304 | D:12     | Noticed a vault guard
  9309 | D:12     | Killed a vault guard
  9314 | D:12     | Found a portal to a secret trove of treasure.
  9473 | D:13     | Noticed a frost giant
  9489 | D:13     | Killed a frost giant
  9671 | D:13     | Cast into level 2 of the Abyss (a wizard)
  9804 | Abyss:2  | Noticed an ancient lich
  9810 | Abyss:2  | Killed an ancient lich
  9810 | Abyss:2  | Reached skill level 17 in Axes
  9810 | Abyss:2  | Reached XP level 13. HP: 116/116 MP: 12/12
  9822 | Abyss:2  | Noticed a starcursed mass
  9831 | Abyss:2  | Received a gift from Trog
  9838 | Abyss:2  | Noticed a starcursed mass
  9860 | D:13     | Escaped the Abyss
 10210 | D:13     | Received a gift from Trog
 10396 | D:13     | Reached ****** piety under Trog
 10794 | D:14     | Found a gate to the Vaults.
 10816 | D:14     | Reached skill level 18 in Axes
 11048 | D:14     | Found an iron altar of Okawaru.
 11422 | D:14     | You fall through a shaft!
 11422 | D:15     | Entered Level 15 of the Dungeon
 11451 | D:15     | Reached XP level 14. HP: 126/126 MP: 13/13
 11535 | D:15     | Found Immif's Book Shoppe.
 11607 | D:15     | Cast into level 2 of the Abyss (a wizard)
 11668 | Abyss:2  | Found a corrupted altar of Lugonu.
 11682 | Abyss:2  | Gained mutation: Your magical capacity is low. (-10% MP) [a
                  | neqoxec]
 11748 | Abyss:2  | Noticed a starcursed mass
 11771 | Abyss:2  | Noticed a lich
 11774 | Abyss:2  | Paralysed by accursed screaming for 1 turns
 11786 | Abyss:2  | Killed a lich
 11786 | Abyss:2  | Reached skill level 19 in Axes
 11881 | Abyss:2  | Received a gift from Trog
 11884 | D:15     | Escaped the Abyss
 12058 | D:15     | Found a glowing golden altar of the Shining One.
 12332 | D:15     | Found a staircase to the Depths.
 12976 | D:14     | Reached XP level 15. HP: 139/139 MP: 12/12
 13116 | Orc:1    | Entered Level 1 of the Orcish Mines
 13251 | Orc:1    | Noticed Fannar
 13257 | Orc:1    | Killed Fannar
 13528 | Orc:1    | Received a gift from Trog
 13658 | Orc:1    | Found a runed translucent door.
 13662 | Orc:1    | Found a shimmering altar of Xom.
 13662 | Orc:1    | Noticed GoshHeckie's ghost (journeyman MiFi)
 13694 | Orc:2    | Entered Level 2 of the Orcish Mines
 13728 | Orc:2    | Noticed Rupert
 13739 | Orc:2    | Killed Rupert
 14069 | Orc:2    | Found a staircase to the Elven Halls.
 14168 | Orc:2    | Reached skill level 15 in Shields
 14224 | Orc:2    | Found Bupn's Book Emporium.
 14224 | Orc:2    | Found Zyh Utargh's Antique Weapon Shop.
 14226 | Orc:2    | Found Fiuw's Antique Armour Emporium.
 14226 | Orc:2    | Found Eco Dyur's Antique Armour Shop.
 14383 | Lair:1   | Entered Level 1 of the Lair of Beasts
 14524 | Lair:1   | Noticed Grum
 14533 | Lair:1   | Killed Grum
 15026 | Lair:2   | Found a runed translucent door.
 15029 | Lair:2   | Noticed Wuvuatt's ghost (journeyman MiBe)
 15799 | Lair:3   | Reached skill level 15 in Fighting
 15810 | Lair:3   | Received a gift from Trog
 15945 | Lair:3   | Found a staircase to the Swamp.
 16044 | Lair:3   | Found a staircase to the Snake Pit.
 17233 | Lair:5   | Found a gate leading to a gauntlet.
 17253 | Gauntlet | Entered a Gauntlet
 17253 | Gauntlet | Found a transporter.
 17263 | Gauntlet | Found a transporter.
 17280 | Gauntlet | Found a transporter.
 17286 | Gauntlet | Found a transporter.
 17302 | Gauntlet | Found a transporter.
 17321 | Gauntlet | Found a transporter.
 17333 | Gauntlet | Found a transporter.
 17353 | Gauntlet | Found a transporter.
 17353 | Gauntlet | Found a transporter.
 17377 | Gauntlet | Found a transporter.
 17398 | Gauntlet | Found a transporter.
 17407 | Gauntlet | Found a transporter.
 17427 | Gauntlet | Found a transporter.
 17433 | Gauntlet | Found a transporter.
 17433 | Gauntlet | Found a transporter.
 17478 | Gauntlet | Found a transporter.
 17505 | Gauntlet | Found a transporter.
 17507 | Gauntlet | Found a transporter.
 17626 | Gauntlet | Got a polished great sword
 17770 | Gauntlet | Identified the +8 spear of Armageddon {flame, *Contam rPois
                  | MR++ Str+3}
 17776 | Gauntlet | Received a gift from Trog
 17785 | Gauntlet | Identified the Guide on Curses
 17928 | Lair:5   | Found a viscous altar of Jiyva.
 17928 | Lair:5   | Found a staircase to the Slime Pits.
 18116 | Lair:5   | Found the +12 glaive of Prune {chop}
 18371 | Lair:6   | Entered Level 6 of the Lair of Beasts
 18860 | Lair:6   | Noticed Josephine
 18871 | Lair:6   | Killed Josephine
 18871 | Lair:6   | Reached skill level 20 in Axes
 19037 | Lair:6   | Reached XP level 16. HP: 138/149 MP: 13/13
 19429 | Lair:6   | Found a runed translucent door.
 19545 | Lair:6   | Got a steaming battleaxe
 19551 | Lair:6   | Identified the +4 battleaxe "Taesafag" {protect, Int+3
                  | Dex+5} (You found it on level 6 of the Lair of Beasts)
 19782 | Swamp:1  | Entered Level 1 of the Swamp
 19899 | Swamp:1  | Received a gift from Trog
 20023 | Swamp:1  | Identified the +5 great sword "Vegaufa" {freeze, rF++
                  | Dex+3} (You found it in a Gauntlet)
 20065 | Swamp:1  | Found a frozen archway.
 20083 | IceCv    | Entered an ice cave
 22196 | Swamp:3  | Noticed Jorgrun
 22197 | Swamp:3  | Noticed Kirke
 22215 | Swamp:3  | Killed Kirke
 22220 | Swamp:3  | Received a gift from Trog
 22222 | Swamp:3  | Killed Jorgrun
 22544 | Swamp:3  | Identified 2 scrolls of acquirement
 22548 | Swamp:3  | Got a wavering lapis lazuli ring
 22580 | Swamp:3  | Got a heavily runed bronze ring
 22582 | Swamp:3  | Identified the ring "Gopniemi" {+Fly rPois rF- Str+2} (You
                  | acquired it on level 3 of the Swamp)
 22584 | Swamp:3  | Identified the ring "Idwaq" {+Fly rF- MP+9 Stlth-} (You
                  | found it on level 3 of the Swamp)
 22727 | Swamp:3  | Noticed a thorn hunter
 22739 | Swamp:3  | Killed a thorn hunter
 22995 | Swamp:4  | Entered Level 4 of the Swamp
 23054 | Swamp:4  | Upgraded the game from 0.23-b1-84-g6588a6b to 0.23.0
 23054 | Swamp:4  | Reached XP level 17. HP: 123/161 MP: 14/14
 23148 | Swamp:4  | Reached skill level 21 in Axes
 23827 | Swamp:4  | Noticed the 27-headed Lernaean hydra
 23852 | Swamp:4  | Killed the 23-headed Lernaean hydra
 24234 | Swamp:4  | Got a decaying rune of Zot
 24515 | Snake:1  | Entered Level 1 of the Snake Pit
 24675 | Snake:1  | Received a gift from Trog
 25231 | Snake:2  | Noticed Asterion
 25244 | Snake:2  | Gained mutation: You do not regenerate when monsters are
                  | visible. [a cacodemon]
 25245 | Snake:2  | Killed Asterion
 25397 | Snake:2  | Got a bloodstained war axe
 25398 | Snake:2  | Identified the +1 war axe "Orb Guardian's Curse" {chop,
                  | *Slow rN+ Str+3 Dex+5} (You found it on level 2 of the
                  | Snake Pit)
 25407 | Snake:2  | Reached skill level 15 in Armour
 26442 | Snake:2  | Found Dul Gox's Gadget Emporium.
 26443 | Snake:2  | Found Daeshurch's Jewellery Boutique.
 26444 | Snake:2  | Found Mipab's Gadget Emporium.
 26495 | Snake:2  | You fall through a shaft!
 26585 | Snake:3  | Received a gift from Trog
 27147 | Snake:3  | Reached XP level 18. HP: 172/172 MP: 15/15
 27148 | Snake:3  | Noticed Azrael
 27161 | Snake:3  | Killed Azrael
 27165 | Snake:3  | Reached skill level 10 in Dodging
 27652 | Snake:3  | Found a snail-covered altar of Cheibriados.
 28027 | Snake:4  | Entered Level 4 of the Snake Pit
 28517 | Snake:4  | Received a gift from Trog
 29272 | Snake:4  | Reached skill level 22 in Axes
 29640 | Snake:4  | Received a gift from Trog
 29690 | Snake:4  | Lost mutation: Your magical capacity is low. (-10% MP)
                  | [potion of mutation]
 29690 | Snake:4  | Lost mutation: You do not regenerate when monsters are
                  | visible. [potion of mutation]
 29690 | Snake:4  | Gained mutation: You are frail. (-10% HP) [potion of
                  | mutation]
 29690 | Snake:4  | Gained mutation: You have a pair of large horns on your
                  | head. [potion of mutation]
 29690 | Snake:4  | Gained mutation: Your system is resistant to poisons.
                  | (rPois) [potion of mutation]
 30458 | Snake:4  | Reached XP level 19. HP: 43/163 MP: 18/18
 30720 | Snake:4  | Got a serpentine rune of Zot
 31156 | Vaults:1 | Entered Level 1 of the Vaults
 31233 | Vaults:1 | Received a gift from Trog
 31428 | Vaults:1 | Found a runed translucent door.
 31428 | Vaults:1 | Found a shimmering altar of Xom.
 31428 | Vaults:1 | Noticed rgbqcd's ghost (veteran MiBe)
 31428 | Vaults:1 | Identified the +9 quarterstaff of the Real Monster {chaos,
                  | Str+3 Dex+3}
 31449 | Vaults:1 | Killed rgbqcd's ghost
 31449 | Vaults:1 | Received a gift from Trog
 31462 | Vaults:1 | Got a fine broad axe {god gift}
 31463 | Vaults:1 | Identified the +9 broad axe of Trog's Approval {freeze,
                  | +Blink MR++} (Trog gifted it to you on level 1 of the
                  | Vaults)
 32160 | Vaults:1 | Received a gift from Trog
 32240 | Vaults:2 | Found a flickering gateway to a bazaar.
 32260 | Bazaar   | Entered a bazaar
 32263 | Bazaar   | Found Erobuohu's Weapon Shop.
 32296 | Bazaar   | Found Toukla's Food Boutique.
 32327 | Bazaar   | Found Xaroi's Gadget Shop.
 32327 | Bazaar   | Found Kuni's Book Boutique.
 32560 | Vaults:2 | Found a staircase to the Crypt.
 32993 | Vaults:2 | Received a gift from Trog
 33792 | Vaults:3 | Reached XP level 20. HP: 170/173 MP: 19/19
 33879 | Vaults:3 | Reached skill level 23 in Axes
 34092 | Vaults:3 | Received a gift from Trog
 34145 | Vaults:3 | Found Zucuuz's Antique Armour Shoppe.
 35139 | Vaults:3 | Found Hotuh's Armour Shop.
 35429 | Vaults:4 | Received a gift from Trog
 36278 | Vaults:4 | Received a gift from Trog
 36514 | Vaults:4 | Reached XP level 21. HP: 153/178 MP: 20/20
 37065 | Depths:1 | Entered Level 1 of the Depths
 37124 | Depths:1 | Received a gift from Trog
 37346 | Depths:1 | Found a gateway to Hell.
 37631 | Depths:1 | Found a one-way gate leading to the halls of Pandemonium.
 37689 | Depths:1 | Paralysed by a floating eye for 2 turns
 37699 | Depths:1 | Paralysed by a floating eye for 2 turns
 37906 | Depths:1 | Got a bound steel amulet
 38241 | Depths:2 | Identified the amulet "Ughudepo" {Spirit -Tele rN+ Str+3
                  | Int+3} (You found it on level 1 of the Depths)
 38337 | Depths:2 | Received a gift from Trog
 38361 | Depths:2 | Reached skill level 24 in Axes
 38498 | Depths:2 | HP: 2/183 [balrug/bolt of fire[a lich] (45)]
 38504 | Depths:2 | Mangled by a reaper

Skill      XL: |  1  2  3  4  5  6  7  8  9 10 11 12 13 14 15 16 17 18 19 20 21 |
---------------+----------------------------------------------------------------+-----
Axes           | 4 5 6 7 8 11 12 13 15 17 18 19 20 21 22 23 24 | 24.0
Fighting       | 4 5 6 7 8 9 11 12 14 15 17 18 19 20 21 | 21.3
Armour         | 3 4 5 7 8 9 10 11 12 13 15 16 | 16.6
Dodging        | 3 4 5 6 7 9 11 12 14 | 14.8
Shields        | 2 4 8 10 11 13 14 16 17 18 19 20 21 | 21.4
Stealth        | 1 2 |  2.6

Action                   |  1- 3 |  4- 6 |  7- 9 | 10-12 | 13-15 | 16-18 | 19-21 || total
-------------------------+-------+-------+-------+-------+-------+-------+-------++-------
Melee: Hand axe          |    70 |   197 |    28 |       |       |       |       ||   295
       Headbutt          |     9 |    33 |    35 |    71 |   188 |   312 |   281 ||   929
       War axe           |       |       |   140 |       |    23 |   375 |       ||   538
       Broad axe         |       |       |    16 |   335 |   750 |   296 |   916 ||  2313
       Battleaxe         |       |       |       |       |       |   407 |       ||   407
Invok: Berserk           |     1 |     1 |     1 |     7 |     8 |     9 |     5 ||    32
       Brothers in Arms  |       |       |       |     2 |     6 |     5 |     2 ||    15
       Trog's Hand       |       |       |       |       |     7 |     5 |     3 ||    15
Evoke: Wand              |       |       |       |       |       |     1 |       ||     1
       Lightning rod     |       |       |       |       |       |       |     1 ||     1
  Use: Scroll            |       |     5 |     5 |       |    15 |    12 |     8 ||    45
       Potion            |       |       |       |       |     5 |     4 |     4 ||    13
 Stab: Distracted        |       |       |       |       |     1 |     1 |       ||     2
       Confused          |       |       |       |       |       |     1 |       ||     1
  Eat: Chunk             |     1 |     8 |     8 |    16 |    35 |    24 |    32 ||   124
       Ration            |       |       |     1 |     1 |     2 |     8 |       ||    12
Armor: Ring mail         |    24 |     1 |       |       |       |       |       ||    25
       Animal skin       |     1 |       |       |       |       |       |       ||     1
       Chain mail        |       |    78 |    51 |   145 |   149 |   518 |   104 ||  1045
Dodge: Dodged            |    42 |    97 |    47 |   103 |   158 |   556 |   150 ||  1153
Block: Large shield      |       |       |    77 |   335 |   631 |   336 |   791 ||  2170
       Other             |       |       |       |       |       |    60 |       ||    60
       Reflection        |       |       |       |       |       |    72 |   142 ||   214
